 Dungeon Crawl Stone Soup version 0.19.4-8-ga85b6b9 (webtiles) character file.

261 Peloso the Covered (level 5, -2/47 HPs)
             Began as a Minotaur Fighter on Feb 7, 2017.
             Slain by Grinder (4 damage)
             ... on level 3 of the Dungeon.
             The game lasted 00:05:06 (2609 turns).

Peloso the Covered (Minotaur Fighter)               Turns: 2609, Time: 00:05:07

Health: -2/47      AC:  9    Str: 25    XL:     5   Next: 96%
Magic:  4/4        EV:  7    Int:  5    God:
Gold:   127        SH: 10    Dex: 11    Spells: 0 memorised, 4 levels left

rFire  . . .     SeeInvis .     a - +0 long sword
rCold  . . .     Gourm    .     u - +0 chain mail
rNeg   . . .     Faith    .     c - +0 shield
rPois  .         Spirit   .     (helmet restricted)
rElec  .         Reflect  .     (no cloak)
rCorr  .         Harm     .     (no gloves)
MR     .....                    (no boots)
Stlth  ..........               (no amulet)
                                (no ring)
                                (no ring)

@: mighty
A: retaliatory headbutt, horns 2
a: no special abilities


You were on level 3 of the Dungeon.
You were hungry.

You visited 1 branch of the dungeon, and saw 3 of its levels.

You collected 127 gold pieces.

Inventory:

Hand Weapons
 a - a +0 long sword (weapon)
Armour
 b - a +0 scale mail
 c - a +0 shield (worn)
 u - a +0 chain mail (worn)
Scrolls
 e - 2 scrolls of noise {unknown}
 g - 3 scrolls of teleportation {unknown}
 h - a scroll of blinking {unknown}
 j - a scroll of enchant armour {unknown}
 k - 2 scrolls of remove curse {unknown}
 l - 6 scrolls of identify {unknown}
 q - 3 scrolls of amnesia {unknown}
Potions
 d - 2 potions of might
 i - 2 potions of brilliance {unknown}
 m - 2 potions of curing {unknown}
 r - 2 potions of resistance {unknown}
 s - 2 potions of degeneration {unknown}
Comestibles
 f - 7 bread rations
 n - a beef jerky
 o - 2 slices of pizza
 p - 3 meat rations
 t - 4 fruits


   Skills:
 + Level 4.6 Fighting
 + Level 4.3 Long Blades
 + Level 5.1 Armour
 + Level 2.0 Dodging
 + Level 0.3 Stealth
 + Level 4.7 Shields


You had 4 spell levels left.
You didn't know any spells.

Dungeon Overview and Level Annotations

Branches:
Dungeon (3/15)

Altars:
Fedhas
Sif Muna
Trog
Vehumet

Annotations:
D:3 Grinder


Innate Abilities, Weirdness & Mutations

You reflexively headbutt those who attack you in melee.
You have a pair of horns on your head.


Message History

You hit Grinder.
Grinder is lightly wounded.
Grinder gestures at you. Pain shoots through your body!
Your shield and chain mail prevent you from hitting Grinder.
You headbutt Grinder, but do no damage.
Grinder is lightly wounded.
Grinder gestures at you. Pain shoots through your body!
* * * LOW HITPOINT WARNING * * *
Your shield and chain mail prevent you from hitting Grinder.
Your headbutt misses Grinder.
Grinder is lightly wounded.
Grinder closely misses you. You furiously retaliate!
You headbutt Grinder, but do no damage.
You riposte.
You closely miss Grinder.
Grinder is lightly wounded.
You block Grinder's attack.
You feel very mighty all of a sudden. Grinder hits you.
You die...

#.#
#.#.###..............#
#.#
#.#.........########.#
#.# # #####.....# #..
#.# #######.## ### #.#
#_...#### #.# .... #.#
###..## #_.5..# #####
###@.## #...## #_....#
#.#...
###..##########...##
#8....##...).....##
###..###.#########
#....##.# #8..8##.#
##......# ########


You could see Grinder.

Vanquished Creatures
  A phantom (D:3)
  An orc priest (D:3)
  Terence (D:3)
  5 adders
  3 worms (D:2)
  5 leopard geckos
  10 orcs (D:3)
  2 ball pythons (D:2)
  2 giant cockroaches (D:3)
  4 goblins
  4 hobgoblins
  6 kobolds
  2 quokkas (D:2)
  9 bats
  3 frilled lizards
  7 rats
65 creatures vanquished.

Notes
Turn   | Place    | Note
-------+----------+-------------------------------------------
     0 | D:1      | Peloso the Minotaur Fighter began the quest for the Orb.
     0 | D:1      | Reached XP level 1. HP: 19/19 MP: 0/0
   351 | D:1      | Reached XP level 2. HP: 26/27 MP: 1/1
   936 | D:2      | Found a faded altar of an unknown god.
   968 | D:2      | Reached skill level 4 in Armour
  1141 | D:2      | Reached XP level 3. HP: 33/33 MP: 2/2
  1341 | D:2      | Found a deep blue altar of Sif Muna.
  1550 | D:2      | Reached skill level 1 in Dodging
  1552 | D:2      | Reached XP level 4. HP: 36/40 MP: 3/3
  1731 | D:3      | Noticed Terence
  1741 | D:3      | Killed Terence
  1983 | D:3      | Reached XP level 5. HP: 47/47 MP: 4/4
  2110 | D:3      | Noticed a phantom
  2140 | D:3      | Killed a phantom
  2140 | D:3      | Reached skill level 5 in Armour
  2596 | D:3      | Noticed Grinder
  2599 | D:3      | Found a radiant altar of Vehumet.
  2599 | D:3      | Found a bloodstained altar of Trog.
  2601 | D:3      | Found a blossoming altar of Fedhas.
  2607 | D:3      | HP: 2/47 [Grinder/nerve-wracking pain (14)]
  2609 | D:3      | Slain by Grinder

Skill      XL: |  1  2  3  4  5 |
---------------+----------------+-----
Armour         | 4 5 |  5.1
Shields        | 4 |  4.7
Fighting       | 4 |  4.6
Long Blades    | 3 4 |  4.3
Dodging        | 1 2 |  2.0
Stealth        | |  0.3

Action                   |  1- 3 |  4- 6 || total
-------------------------+-------+-------++-------
Melee: Long sword        |    76 |    98 ||   174
       Headbutt          |    11 |    13 ||    24
  Use: Potion            |       |     1 ||     1
  Eat: Chunk             |     1 |     4 ||     5
Armor: Scale mail        |    39 |    19 ||    58
       Chain mail        |       |    11 ||    11
Dodge: Dodged            |    31 |    30 ||    61
Block: Shield            |    43 |    50 ||    93
       Rpst.: Long sword |     7 |     6 ||    13
